 Dungeon Crawl Stone Soup version 0.22-a0-429-g97ce8ef721 (webtiles) character file.

4813 Banto the Covert (level 10, -3/56 HPs)
             Began as an Octopode Earth Elementalist on May 25, 2018.
             Slain by a basilisk (8 damage)
             ... on level 8 of the Dungeon.
             The game lasted 00:13:47 (9568 turns).

Banto the Covert (Octopode Earth Elementalist)      Turns: 9568, Time: 00:13:48

Health: -3/56      AC:  1    Str:  8    XL:     10   Next: 48%
Magic:  18/22      EV:  2    Int: 20    God:
Gold:   498        SH:  0    Dex: 16    Spells: 1/13 levels left

rFire    . . .     SeeInvis +   p - +1 short sword (holy)
rCold    + + .     Gourm    .   (no shield)
rNeg     + + +     Faith    .   (helmet restricted)
rPois    ∞         Spirit   .   (no amulet)
rElec    .         Reflect  .   e - +3 ring of dexterity
rCorr    .         Harm     .   o - ring of magical power
MR       .....                  q - ring of protection from cold
Stlth    +++++.....             k - ring of see invisible
HPRegen  0.18/turn              u - ring of protection from cold
MPRegen  0.18/turn              A - ring of poison resistance
                                (no ring)
                                (no ring)

@: petrified
A: almost no armour, stealthy swim, amphibious, 8 rings, constrict 8, camouflage
1, gelatinous body 1
a: no special abilities


You were on level 8 of the Dungeon.
You were hungry.

You visited 2 branches of the dungeon, and saw 9 of its levels.
You also visited: Sewer.

You collected 498 gold pieces.

Inventory:

Hand Weapons
 p - a +1 short sword of holy wrath (weapon)
Missiles
 b - 159 stones (quivered)
Jewellery
 e - a +3 ring of dexterity (left tentacle)
 k - a ring of see invisible (on tentacle)
 o - a ring of magical power (right tentacle)
 q - a ring of protection from cold (on tentacle)
 u - a ring of protection from cold (on tentacle)
 A - a ring of poison resistance (on tentacle)
Wands
 x - a wand of acid (7)
 y - a wand of random effects (25)
Scrolls
 f - 6 scrolls of teleportation
 h - 3 scrolls of immolation
 m - 5 scrolls of remove curse
 n - a scroll of fear
 r - a scroll of amnesia
 s - a scroll of enchant weapon
 v - a scroll of identify
Potions
 a - 2 potions of lignification
 d - a potion of invisibility
 g - 3 potions of haste
 i - 5 potions of flight
 j - 3 potions of curing
 l - a potion of magic
 t - 4 potions of agility
 w - a potion of heal wounds
Comestibles
 c - 14 rations
 z - 3 chunks of flesh


   Skills:
 + Level 7.8 Short Blades
 - Level 2.0 Dodging
 - Level 10.0 Stealth
 - Level 2.0 Spellcasting
 - Level 8.1 Transmutations
 - Level 8.1 Earth Magic


You had one spell level left.
You knew the following spells:

 Your Spells              Type           Power        Failure   Level  Hunger
a - Sandblast             Erth           ####..       1%          1    #......
b - Passwall              Tmut/Erth      ####....     1%          2    ##.....
c - Petrify               Tmut/Erth      ####....     5%          4    #####..
d - Lee's Rapid Deconstr  Erth           ####......   16%         5    ######.

Your spell library contained the following spells:

 Spells                   Type           Power        Failure   Level  Hunger
 Animate Dead             Necr           N/A          83%         4    #####..
 Pain                     Necr           #...         16%         1    #......
 Animate Skeleton         Necr           N/A          16%         1    #......
 Vampiric Draining        Necr           #.........   43%         3    ###....
 Regeneration             Chrm/Necr      #.........   43%         3    ###....
 Stone Arrow              Conj/Erth      ###...       9%          3    ###....


Dungeon Overview and Level Annotations

Branches:
Dungeon (8/15)             Temple (1/1) D:6            Lair (0/6) D:8

Altars:
Ashenzari
Cheibriados
Dithmenos
Elyvilon
Fedhas
Gozag
Kikubaaqudgha
Makhleb
Nemelex Xobeh
Okawaru
Qazlal
Ru
Uskayaw
Vehumet
Wu Jian
Xom
Yredelemnul
Zin
The Shining One

Annotations:
D:5 Azzok's ghost, novice MiBe


Innate Abilities, Weirdness & Mutations

You cannot wear most types of armour.
You are very stealthy in the water. (Stealth+)
You are amphibious.
You can wear up to eight rings at the same time.
You can use your tentacles to constrict eight enemies at once.
Your skin changes colour to match your surroundings (Stealth+).
Your rubbery body absorbs attacks. (AC +1, EV +1)


Message History

The basilisk bites you!
Your limbs are stiffening.
You take 6 damage, and have 36/56 hp.
Unknown command.
Unknown command.
Unknown command.
You barely miss the basilisk. You grab the basilisk.
The basilisk is heavily wounded.
You constrict the basilisk. The basilisk bites you!
You have turned to stone.
You constrict the basilisk. The basilisk bites you!
An orc comes into view. It is wielding a short sword.
You constrict the basilisk. The basilisk bites you!
* * * LOW HITPOINT WARNING * * *
You constrict the basilisk, but do no damage.
The basilisk bites you!!
* * * LOW HITPOINT WARNING * * *
You constrict the basilisk. The basilisk bites you!
* * * LOW HITPOINT WARNING * * *
You constrict the basilisk. The basilisk bites you!
You die...

##.#.#..# #####..... #.#.#..##
#.........
#.⌠.###..######.###.####
##.#.#.......##.###.#
#.###.#..###.#.#.##.#
⌠.###.⌠.#.# #..###...#### .#
#.#.#..###.#.#.......)
#.####).....##.#.###### #.⌠
##l@...####.#......< ... ...
##.##.###### #...>..... .. #..
.#z...[..#######.######
#.##.###.................######
#...z..#...l...#.#######.##....
#......#..........# #.##.###
#.........l....#...# #.......
#..z..##...####.....######(###
#.....###..##.[.......# #.# #


You could see a basilisk and a wight (wandering).

Vanquished Creatures
  A two-headed ogre (D:8)
  The ghost of Banto the Covert, a novice OpEE of Sif Muna (D:8)
  An unseen horror (D:7)
  An elephant (D:8)
  The ghost of Banto the Sneak, an amateur OpEE (D:4)
  A yak (D:8)
  Duvessa (D:7)
  A sky beast (D:8)
  A hornet zombie (D:7)
  2 ice beasts (D:6)
  2 ogres
  A phantom (D:6)
  2 centaurs (D:8)
  2 big kobolds
  2 bullfrogs
  Dowan (D:7)
  The ghost of nataq the Shield-Bearer, a weakling GnFi (D:6)
  2 scorpions
  A wight (D:8)
  2 crimson imps
  2 jellies
  2 orc priests
  2 hounds
  Crazy Yiuf (D:3)
  Terence (D:3)
  Jessica (D:2)
  2 bullfrog skeletons
  4 iguanas
  3 orc wizards
  3 worker ants
  A hound zombie (D:8)
  4 hound skeletons
  A worker ant zombie (D:5)
  Robin (D:2)
  3 gnolls (D:4)
  12 adders
  2 river rats (Sewer)
  2 shadow imps
  An ooze (D:3)
  An adder zombie (D:6)
  6 worms
  6 dart slugs
  3 leopard geckos
  21 orcs
  4 ball pythons
  4 bats
  3 giant cockroaches
  11 hobgoblins
  5 jackals
  16 kobolds
  4 quokkas (D:2)
  5 frilled lizards
  14 goblins
  10 rats
188 creatures vanquished.

Notes
Turn   | Place    | Note
-------+----------+-------------------------------------------
     0 | D:1      | Banto the Octopode Earth Elementalist began the quest for the Orb.
     0 | D:1      | Reached XP level 1. HP: 11/11 MP: 3/3
    29 | D:1      | Reached skill level 3 in Stealth
    69 | D:1      | Reached XP level 2. HP: 11/17 MP: 5/5
   401 | D:1      | Reached XP level 3. HP: 8/21 MP: 3/6
   497 | D:1      | Reached skill level 4 in Stealth
   926 | D:2      | Noticed Robin
  1537 | D:2      | Killed Robin
  1537 | D:2      | Reached XP level 4. HP: 14/27 MP: 1/7
  1927 | D:2      | Found a snail-covered altar of Cheibriados.
  1933 | D:2      | Reached skill level 5 in Stealth
  2079 | D:2      | Found a glowing golden altar of the Shining One.
  2079 | D:2      | Noticed Jessica
  2081 | D:2      | Killed Jessica
  2081 | D:2      | Reached XP level 5. HP: 31/31 MP: 8/8
  2296 | D:2      | Found a faded altar of an unknown god.
  2455 | D:3      | Noticed Terence
  2461 | D:3      | Learned a level 2 spell: Passwall
  2466 | D:3      | Learned a level 4 spell: Petrify
  2480 | D:3      | Killed Terence
  2543 | D:3      | Reached skill level 6 in Stealth
  2606 | D:3      | Reached skill level 5 in Earth Magic
  2695 | D:3      | Reached XP level 6. HP: 36/36 MP: 9/9
  3021 | D:3      | Found a runed door.
  3025 | D:3      | Noticed Crazy Yiuf
  3028 | D:3      | Killed Crazy Yiuf
  3115 | D:4      | Noticed Banto's ghost (amateur OpEE)
  3125 | D:4      | Killed Banto's ghost
  3125 | D:4      | Reached skill level 7 in Stealth
  3125 | D:4      | Reached XP level 7. HP: 33/41 MP: 10/10
  3271 | D:4      | Reached skill level 8 in Stealth
  3401 | D:4      | Found a glowing drain.
  3517 | Sewer    | Entered a sewer
  3862 | Sewer    | Found a white marble altar of Elyvilon.
  4730 | D:4      | Found an ornate altar of the Wu Jian Council.
  4737 | D:5      | Entered Level 5 of the Dungeon
  4749 | D:5      | Reached skill level 9 in Stealth
  4767 | D:5      | HP: 2/41 [orc/trident (10)]
  4769 | D:5      | Reached XP level 8. HP: 29/46 MP: 11/11
  4772 | D:5      | Noticed Azzok's ghost (novice MiBe)
  5056 | D:5      | Found a sparkling altar of Nemelex Xobeh.
  5702 | D:6      | Reached skill level 10 in Stealth
  5770 | D:6      | Found an ancient bone altar of Kikubaaqudgha.
  5822 | D:6      | Noticed nataq's ghost (weakling GnFi)
  6749 | D:6      | Found a staircase to the Ecumenical Temple.
  6810 | Temple   | Entered the Ecumenical Temple
  7224 | D:6      | Killed nataq's ghost
  7539 | D:7      | Noticed an unseen horror
  7794 | D:7      | Killed an unseen horror
  7794 | D:7      | Reached XP level 9. HP: 38/51 MP: 12/12
  7817 | D:7      | Learned a level 5 spell: Lee's Rapid Deconstruction
  7818 | D:7      | Noticed Duvessa
  7828 | D:7      | Noticed Dowan
  7831 | D:7      | Killed Duvessa
  7831 | D:7      | Reached skill level 1 in Short Blades
  7836 | D:7      | Killed Dowan
  8481 | D:7      | Found a stormy altar of Qazlal.
  8678 | D:8      | Noticed a two-headed ogre
  8693 | D:8      | Killed a two-headed ogre
  8693 | D:8      | Reached XP level 10. HP: 51/56 MP: 13/13
  8729 | D:8      | Noticed Banto's ghost (novice OpEE)
  8754 | D:8      | Killed Banto's ghost
  9108 | D:8      | Found a staircase to the Lair.
  9296 | D:8      | Noticed an elephant
  9484 | D:8      | Killed an elephant
  9568 | D:8      | Slain by a basilisk

Vault maps used:
D:1:      nzn_arrival_water_spiral, minmay_box_of_dots
D:2:      overflow_temple_1_default, cheibriados_altar_1,
          chequers_ecumenical_altar_grove, minmay_misc_feat_five,
          minmay_strange_pillars, uniq_jessica, uniq_robin
D:3:      first_ration, uniq_crazy_yiuf_cottage, uniq_terence
D:4:      nicolae_overflow_hidden_temple, cheibrodos_sewer_entry_bend,
          minmay_unequal
D:5:      nemelex_xobeh_ov_fountains_minmay
D:6:      kiku_gazebo_garden_becter, minmay_temple_entry_enclosed_plants
D:7:      overflow_temple_1_default, uniq_duvessa
D:8:      led_sif_pool, david_lair_generic, grunt_decor_mini_mirrors
Temple:   dshaligram_water_room_temple
Sewer:    sewer_kobolds

Skill      XL: |  1  2  3  4  5  6  7  8  9 10 |
---------------+-------------------------------+-----
Stealth        | 3 4 5 6 7 9 10 | 10.0
Earth Magic    | 4 5 6 8 |  8.1
Transmutations | 6 8 |  8.1
Short Blades   | 4 7 |  7.8
Dodging        | |  2.0
Spellcasting   | |  2.0

Action                   |  1- 3 |  4- 6 |  7- 9 | 10-12 || total
-------------------------+-------+-------+-------+-------++-------
Melee: Club              |    74 |     5 |       |       ||    79
       Unarmed           |     9 |       |       |       ||     9
       Constrict         |    23 |    14 |    27 |     5 ||    69
       Tentacles         |    10 |     6 |    26 |     7 ||    49
       Short sword       |       |    57 |   138 |    31 ||   226
 Cast: Sandblast         |    22 |    18 |    84 |    18 ||   142
       Passwall          |       |     1 |     4 |     1 ||     6
       Petrify           |       |       |    24 |     3 ||    27
       Lee's Rapid Decon |       |       |       |     3 ||     3
Evoke: Wand              |       |       |     2 |       ||     2
  Use: Scroll            |       |     8 |     7 |     3 ||    18
       Potion            |       |       |     1 |       ||     1
 Stab: Sleeping          |    11 |    20 |    28 |     7 ||    66
       Distracted        |       |     1 |     1 |       ||     2
       Petrified         |       |       |    10 |     5 ||    15
       Petrifying        |       |       |     1 |       ||     1
  Eat: Chunk             |     2 |     6 |    14 |     1 ||    23
       Ration            |       |       |     3 |     1 ||     4
Armor: Skin              |    11 |     3 |    10 |     3 ||    27
Dodge: Dodged            |    67 |    38 |   114 |    11 ||   230

Table legend:
 A = Spawn XP
 B = Non-spawn XP
 C = Spawn XP percentage of total XP
 D = Spawn monster count
 E = Non-spawn monster count
 F = Spawn count percentage of total count
 G = Total turns spent on level
                    A         B        C        D         E        F      G
               +---------+---------+-------+---------+---------+-------+---------
         Total |       0 |    6876 |   0.0 |       0 |     188 |   0.0 |  9568
               +---------+---------+-------+---------+---------+-------+---------
           D:1 |       0 |      58 |   0.0 |       0 |      28 |   0.0 |  1169
           D:2 |       0 |     139 |   0.0 |       0 |      35 |   0.0 |  1180
           D:3 |       0 |     203 |   0.0 |       0 |      18 |   0.0 |   762
           D:4 |       0 |     570 |   0.0 |       0 |      32 |   0.0 |  1275
           D:5 |       0 |     452 |   0.0 |       0 |      18 |   0.0 |  1121
           D:6 |       0 |     657 |   0.0 |       0 |      12 |   0.0 |  1858
           D:7 |       0 |    1549 |   0.0 |       0 |      13 |   0.0 |   840
           D:8 |       0 |    3115 |   0.0 |       0 |      21 |   0.0 |   897
         Sewer |       0 |     133 |   0.0 |       0 |      11 |   0.0 |   380
               +---------+---------+-------+---------+---------+-------+---------

Table legend:
 A = Turns spent in this place as a percentage of turns spent in the entire game.
 B = Non-inter-level travel turns spent in this place as a percentage of non-inter-level travel turns spent in the entire game.
 C = Inter-level travel turns spent in this place as a percentage of turns spent in this place.
 D = Turns resting spent in this place as a percentage of non-inter-level travel turns spent in this place.
 E = Turns spent auto-exploring this place as a percentage of non-inter-level travel turns spent in this place.
 F = Non-inter-level travel turns spent in this place divided by the number of levels of this place that you've seen.
                   A       B       C       D       E      F
               +-------+-------+-------+-------+-------+----------------------
         Total | 100.0 | 100.0 |   4.8 |  33.0 |  46.1 | 910.7
       Dungeon |  95.1 |  95.1 |   4.8 |  32.7 |  46.6 | 1082.6
        Temple |   0.9 |   0.7 |  23.3 |   0.0 |  81.8 |  66.0
         Sewer |   4.0 |   4.2 |   0.0 |  45.8 |  30.3 | 380.0
               +-------+-------+-------+-------+-------+----------------------

Table legend:
 A = Kills in this place as a percentage of kills in entire the game.
 B = Kills by you in this place as a percentage of kills by you in the entire game.
 C = Kills by friends in this place as a percentage of kills by friends in the entire game.
 D = Other kills in this place as a percentage of other kills in the entire game.
 E = Experience gained in this place as a percentage of experience gained in the entire game.
 F = Experience gained in this place divided by the number of levels of this place that you have seen.
                   A       B       C       D       E      F
               +-------+-------+-------+-------+-------+----------------------
         Total | 100.0 | 100.0 |   N/A |   N/A | 100.0 | 687.6
       Dungeon |  94.1 |  94.1 |   N/A |   N/A |  98.1 | 842.9
         Sewer |   5.9 |   5.9 |   N/A |   N/A |   1.9 | 133.0
               +-------+-------+-------+-------+-------+----------------------
